 Dungeon Sprint DCSS version 0.18-a0-23-g19353e1 (webtiles) character file.

507401 esc the End of an Era (level 19, 179/220 HPs)
             Began as a Deep Dwarf Fighter on Nov 2, 2015.
             Was the Champion of Qazlal.
             Escaped with the Orb!
             The game lasted 00:48:38 (13211 turns).

esc the End of an Era (Deep Dwarf Fighter)         Turns: 13211, Time: 00:48:39

Health: 179/220    AC: 53    Str: 29    XL:     19   Next: 70%
Magic:  18/45      EV: 35    Int:  8    God:    Qazlal [******]
Gold:   0          SH: 45    Dex: 31    Spells: 2 memorised, 52 levels left

rFire  + + +     SeeInvis +     N - +14 obsidian axe {chop, +Fly Str+3 SInv *Curse} (curse)
rCold  + + .     Clarity  .     O - +15 Maxwell's patent armour {-Cast -Tele rElec MR+ rCorr}
rNeg   + + +     SustAt   .     P - +18 shield of the gong {rElec rN+ MR+ EV-5}
rPois  +         Gourm    .     Q - +0 helmet {SInv}
rElec  +         Spirit   .     V - +1 cloak {MR+}
rCorr  +         Warding  .     X - +0 pair of gloves of Elyvilon's Benevolence {rPois rC+ Dex+3 SInv} (curse)
rMut   .         NoTele   +     W - +2 pair of boots {run}
MR     +++++     NoCast   +     c - amulet of Xafror {rF+ rN++ Regen+ Str-2 SInv}
Stlth  ..........               G - +6 ring of dexterity
                                f - ring of protection from fire {rF+, !d}

@: mighty, agile, resistant, very slightly contaminated, non-regenerating,
hasted, repel missiles, invisible, very quick, almost entirely resistant to
hostile enchantments, extremely unstealthy
A: damage resistance, recharge devices, rough black scales 1, negative energy
resistance 1, sense surroundings 3, slow regeneration 3
a: Device Recharging, Upheaval, Elemental Force, Disaster Area, Renounce
Religion, Evoke Flight
0: Orb of Zot


You escaped.
You worshipped Qazlal.
Qazlal was exalted by your worship.
You were completely stuffed.

You visited 1 branch

Inventory:

Hand Weapons
 N - the cursed +14 obsidian axe (weapon) {chop, +Fly Str+3 SInv *Curse}
   (You found it in the Dungeon)

   It inflicts extra damage upon your enemies.
   It affects your strength (+3).
   It lets you see invisible.
   It lets you fly.
   It may re-curse itself when equipped.
   It has a curse placed upon it.
Missiles
 b - a throwing net {=f, !d}
Armour
 O - the +15 Maxwell's patent armour (worn) {-Cast -Tele rElec MR+ rCorr}
   (You found it in the Dungeon)

   It insulates you from electricity.
   It affects your resistance to hostile enchantments.
   It prevents spellcasting.
   It prevents most forms of teleportation.
   It protects you from acid and corrosion.
 P - the +18 shield of the gong (worn) {rElec rN+ MR+ EV-5}
   (You found it in the Dungeon)

   It affects your evasion (-5).
   It insulates you from electricity.
   It protects you from negative energy.
   It affects your resistance to hostile enchantments.
 Q - a +0 helmet of see invisible (worn)
   (You found it in the Dungeon)
 V - a +1 cloak of magic resistance (worn)
   (You took it off a draconian shifter in the Dungeon)
 W - a +2 pair of boots of running (worn)
   (You found it in the Dungeon)
 X - the cursed +0 pair of gloves of Elyvilon's Benevolence (worn) {rPois rC+ Dex+3 SInv}
   (You found it in the Dungeon)

   It affects your dexterity (+3).
   It protects you from cold.
   It protects you from poison.
   It lets you see invisible.
   It has a curse placed upon it.
Jewellery
 c - the amulet of Xafror (around neck) {rF+ rN++ Regen+ Str-2 SInv}
   (You found it in the Dungeon)

   [amulet of regeneration]

   It affects your strength (-2).
   It protects you from fire.
   It greatly protects you from negative energy.
   It lets you see invisible.
   It increases your rate of regeneration.
 f - a ring of protection from fire (left hand) {rF+, !d}
   (You took it off a spriggan druid in the Dungeon)
 G - a +6 ring of dexterity (right hand)
   (You found it in the Dungeon)
 I - the amulet "Jiaffa" {+Fly MR+ Regen+}
   (You found it in the Dungeon)

   [amulet of regeneration]

   It affects your resistance to hostile enchantments.
   It lets you fly.
   It increases your rate of regeneration.
 S - an uncursed ring of protection from cold {rC+, !d}
   (You found it in the Dungeon)
Wands
 e - a wand of heal wounds (6)
 y - a wand of disintegration (6)
   (You found it in the Dungeon)
 B - a wand of fire (1)
   (You found it in the Dungeon)
 C - a wand of cold (3)
   (You found it in the Dungeon)
 D - a wand of draining (2)
   (You found it in the Dungeon)
 K - a wand of heal wounds (7)
   (You found it in the Dungeon)
Scrolls
 l - 4 scrolls of blinking {!r}
 r - 4 scrolls of amnesia
 t - 7 scrolls of fog
 u - a scroll of holy word {!r}
 v - 5 scrolls of identify
 w - 5 scrolls of remove curse
 x - 2 scrolls of fear
Potions
 d - 7 potions of might
 g - 10 potions of curing
 h - 15 potions of heal wounds
 i - 6 potions of haste
 j - 7 potions of magic
 k - 3 potions of berserk rage {!q}
 n - a potion of invisibility
 o - 2 potions of resistance
 q - 2 potions of agility
Miscellaneous
 a - a stone of tremors
   (You found it in the Dungeon)
 m - a box of beasts
   (You found it in the Dungeon)
 p - a sack of spiders
   (You found it in the Dungeon)
 E - a box of beasts
   (You found it in the Dungeon)
 F - a crystal ball of energy
   (You found it in the Dungeon)
 H - a lamp of fire
   (You found it in the Dungeon)
 J - a phial of floods
   (You found it in the Dungeon)
 L - an ornate deck of summoning
   (You found it in the Dungeon)
 M - a disc of storms
   (You found it in the Dungeon)
 R - 6 phantom mirrors
 U - an ornate deck of wonders
   (You found it in the Dungeon)
 Y - an ornate deck of wonders {drawn: 11}
   (You found it in the Dungeon)
 Z - a fan of gales
   (You found it in the Dungeon)
Comestibles
 z - 42 fruits
 A - a meat ration {@e2}


   Skills:
 + Level 25.4 Fighting
 + Level 22.1 Axes
 - Level 14.3 Throwing
 O Level 27 Armour
 O Level 27 Dodging
 + Level 22.1 Shields
 + Level 22.3 Spellcasting
 - Level 5.7 Summonings
 - Level 4.7 Translocations
 O Level 27 Invocations
 O Level 27 Evocations


You had 52 spell levels left.
You knew the following spells:

 Your Spells              Type           Power        Failure   Level  Hunger
a - Summon Forest         Summ/Tloc      ###.......   45%         5    #####..
S - Phase Shift           Tloc           ###.......   58%         5    #####..


Dungeon Overview and Level Annotations

Branches:
Dungeon (1/1)

Altars:
Ashenzari
Cheibriados
Dithmenos
Elyvilon
Fedhas
Gozag
Kikubaaqudgha
Makhleb
Nemelex Xobeh
Okawaru
Qazlal
Ru
Sif Muna
Trog
Vehumet
Xom
Yredelemnul
Zin
The Shining One
Beogh
Jiyva
Lugonu


Innate Abilities, Weirdness & Mutations

You are resistant to damage.
You can recharge devices by infusing magical energy.
You resist negative energy.
You passively map a large area around you.
You do not regenerate naturally.
You are partially covered in rough black scales (AC +4, Dex -1).


Message History

The blast of ice hits the titan.
The titan is flash-frozen.
The blast of ice hits the air elemental.
You destroy the air elemental!
Your Axes skill increases to level 21!
The blast of magma engulfs the titan.
You kill the titan!
Qazlal accepts your kill.
The blast of magma engulfs the titan.
You kill the titan!
Qazlal accepts your kill.
Your Fighting skill increases to level 25!
The blast of magma engulfs the electric golem.
The electric golem partially resists.
The blast of ice hits the electric golem.
The electric golem partially resists.
You break out of your daze!
You destroy the electric golem!
The cutting wind hits the electric golem. x2
The cutting wind hits the titan.
The cutting wind hits the electric golem.
You destroy the electric golem!
Your Spellcasting skill increases to level 22!
You hear a sizzling sound!
Visions of slaying the electric golem flood into your mind.
The titan mumbles some strange words.
The titan is healed somewhat.
The spriggan air mage mumbles some strange words.
The winds start to flow at the spriggan air mage's will.
You now have 21/45 mp.
A titan comes into view.
The titan shouts!
You see here a wind drake corpse.
A storm cloud blasts the area with cutting wind!
The cutting wind hits the wind drake.
The wind drake is harmlessly tossed around.
The cutting wind hits the titan.
The cutting wind hits the electric golem.
You are no longer entranced.
You destroy the electric golem!
Visions of slaying the wind drake flood into your mind.
You now have 18/45 mp.
A blizzard blasts the area with ice!
The blast of ice hits the titan.
You kill the titan!
Qazlal accepts your kill.
The blast of ice hits the wind drake.
The wind drake is flash-frozen.
You now have 14/45 mp.
Why would you want to do that?
Visions of slaying the spriggan air mage flood into your mind.
The spriggan air mage completely misses you.
You slash the spriggan air mage!
You catch the helpless wind drake completely off-guard!
You slice the wind drake like a ripe choko!!!
You kill the wind drake!
Qazlal accepts your kill.
You slice the spriggan air mage!! You open a gate to Pandemonium!
A demon appears!
You block the spriggan air mage's attack.
GONNNNG!
You miss the spriggan air mage.
You open the spriggan air mage like a pillowcase!!!
You open a gate to Pandemonium!
A demon appears!
You break out of your daze!
You kill the spriggan air mage!
Qazlal accepts your kill.
The winds cease moving at the spriggan air mage's will.
Your Shields skill increases to level 22!
Visions of slaying the titan flood into your mind.
The titan waves its arms in wide circles.
The air twists around and strikes you!
Things that are here:
the cursed +0 spear "Tast" {flame, +Rage +Inv rF- Dex-2} a robe an uncursed amulet of regeneration {+regen, !d} You take 9 damage, and have 179/220 hp.
You slice the titan!! You slash the titan! You open a gate to Pandemonium!
A demon appears!
You block the titan's attack.
GONNNNG!
You slash the titan! You slash the titan!
You are no longer entranced.
You kill the titan!
Qazlal accepts your kill.
Your Axes skill increases to level 22!
Your orange demon is engulfed in freezing vapours.
Things that are here:
an uncursed staff of summoning {!a}; a robe You see here a phantom mirror.
Things that are here:
a phantom mirror; a robe; a quicksilver dragon armour {MR+} An exit appears before you!
Your surroundings seem different!
Found the Orb of Zot.
Found a staircase leading out of the dungeon.
You see here the Orb of Zot.
You pick up the Orb of Zot!
The Orb lets out a hideous shriek!
The lords of Pandemonium are not amused.
Beware!
Now all you have to do is get back out of the dungeon!
There is a staircase leading out of the dungeon here.
You have escaped!

............▓..▓.......▓..▓...8©8
............▓.▓.▓.....▓.▓.▓..|.|:
.....†......▓..▓.......▓..▓..=.|)
......†.....▓.............▓......
.....††.....▓.............▓......
...†††......▓▓▓▓▓▓▓▓▓▓▓▓▓▓▓......
............▓8888888888888▓......
▓.......▓...▓8.§§§§§.....8▓......
............▓8.§@.§......8▓.▓....
............▓8..§§.......8▓......
............▓8888888888888▓▓▓▓▓▓▓
▓▓▓▓▓▓▓▓▓▓▓▓▓▓▓▓▓▓▓▓▓▓▓▓▓▓▓▓▓▓▓▓▓
.....8©8........▓........8©8.....
....}...§=....|.▓.:[:).):\).§)[:=
..[...§§...:}=..▓.}))}[)§§:=§|)))
...)....§)......▓.|[:))|=§§..)=.[
.)..............▓....).):)).=..[|


There were no monsters in sight!

Vanquished Creatures
  5 ancient liches (D)
  A juggernaut (shapeshifter) (D)
  2 golden dragons (shapeshifter) (D)
  2 caustic shrikes (shapeshifter) (D)
  8 electric golems (D)
  5 liches (D)
  A quicksilver dragon (shapeshifter) (D)
  A titan (shapeshifter) (D)
  11 titans (D)
  An acid blob (D)
  4 shadow dragons (D)
  5 greater nagas (D)
  An azure jelly (D)
  3 storm dragons (D)
  A thorn hunter (D)
  3 draconian monks (D)
  A fire giant (shapeshifter) (D)
  3 draconian knights (D)
  An iron dragon (shapeshifter) (D)
  2 frost giants (shapeshifter) (D)
  2 draconian shifters (D)
  A draconian zealot (D)
  2 ghouls (D)
  A draconian annihilator (D)
  3 draconian callers (D)
  3 reapers (D)
  A stone giant (shapeshifter) (D)
  5 stone giants (D)
  An apis (D)
  5 vampire knights (D)
  7 black draconians (D)
  7 green draconians (D)
  4 yellow draconians (D)
  5 red draconians (D)
  5 white draconians (D)
  3 purple draconians (D)
  A dire elephant (D)
  4 mottled draconians (D)
  A dire elephant (shapeshifter) (D)
  A merfolk javelineer (D)
  3 merfolk impalers (D)
  3 death oozes (D)
  19 vault guards (D)
  A yaktaur captain (D)
  A great orb of eyes (D)
  5 hydras (D)
  9 anacondas (D)
  12 spriggan air magi (D)
  9 naga warriors (D)
  2 hydras (shapeshifter) (D)
  A merfolk avatar (D)
  3 catoblepae (D)
  A ghost crab (shapeshifter) (D)
  A satyr (D)
  5 merfolk aquamancers (D)
  2 vampire magi (D)
  2 alligators (shapeshifter) (D)
  5 spriggan berserkers (D)
  A fire crab (shapeshifter) (D)
  2 shock serpents (shapeshifter) (D)
  8 skeletal warriors (D)
  2 sea snakes (D)
  2 sea snakes (shapeshifter) (D)
  A deep troll (shapeshifter) (D)
  2 unseen horrors (shapeshifter) (D)
  2 spriggan druids (D)
  An unseen horror (D)
  A giant orange brain (shapeshifter) (D)
  A swamp dragon (shapeshifter) (D)
  A torturous demonspawn (D)
  3 death drakes (shapeshifter) (D)
  7 necromancers (D)
  A griffon (shapeshifter) (D)
  A wolf spider (D)
  2 griffons (D)
  A mana viper (shapeshifter) (D)
  A lindwurm (shapeshifter) (D)
  2 shining eyes (shapeshifter) (D)
  A harpy (shapeshifter) (D)
  3 shining eyes (D)
  2 wolf spiders (shapeshifter) (D)
  2 fauns (D)
  5 draconians (D)
  2 water nymphs (shapeshifter) (D)
  A manticore (shapeshifter) (D)
  A faun (shapeshifter) (D)
  A guardian serpent (shapeshifter) (D)
  A cyclops (shapeshifter) (D)
  2 ugly things (D)
  An eye of devastation (D)
  4 guardian serpents (D)
  A moth of wrath (shapeshifter) (D)
  An apocalypse crab (D)
  A siren (D)
  2 eyes of devastation (shapeshifter) (D)
  7 black mambas (D)
  7 naga magi (D)
  A spiny frog (shapeshifter) (D)
  A torpor snail (shapeshifter) (D)
  A large abomination (D)
  6 spiny frogs (D)
  2 yaktaurs (D)
  3 fire drakes (D)
  A hellion (D)
  2 dryads (D)
  3 komodo dragons (D)
  5 yaktaurs (shapeshifter) (D)
  A fire drake (shapeshifter) (D)
  A red devil (D)
  A queen bee (shapeshifter) (D)
  2 komodo dragons (shapeshifter) (D)
  A jumping spider (shapeshifter) (D)
  3 merfolk (D)
  A freezing wraith (D)
  9 wind drakes (D)
  A snapping turtle (shapeshifter) (D)
  2 boulder beetles (D)
  A snapping turtle (D)
  2 spriggans (shapeshifter) (D)
  5 slime creatures (D)
  13 air elementals (D)
  2 wraiths (D)
  2 spriggans (D)
  7 shadows (D)
  3 vampires (D)
  A redback (shapeshifter) (D)
  3 hippogriffs (D)
  3 yaks (D)
  A fire bat (shapeshifter) (D)
  A steam dragon (shapeshifter) (D)
  A hog (shapeshifter) (D)
  2 golden eyes (D)
  A water elemental (D)
  2 wolves (D)
  2 neqoxecs (D)
  A warg (shapeshifter) (D)
  12 insubstantial wisps (D)
  7 nagas (D)
  A black bear (shapeshifter) (D)
  2 orc warriors (D)
  An ice beast (shapeshifter) (D)
  2 porcupines (D)
  11 water moccasins (D)
  3 hell hounds (D)
  An eye of draining (shapeshifter) (D)
  A boggart (shapeshifter) (D)
  An ogre (shapeshifter) (D)
  2 eyes of draining (D)
  7 crocodiles (D)
  2 wasps (D)
  A crocodile (shapeshifter) (D)
  2 giant frogs (D)
  6 wights (D)
  A quasit (D)
  2 crimson imps (D)
  8 jellies (D)
  2 orc priests (D)
  4 iron imps (D)
  3 orc wizards (D)
  2 sheep (D)
  2 adders (D)
  5 river rats (D)
  A white imp (D)
  A giant eyeball (D)
  An ufetubus (D)
  6 oozes (D)
  4 adder skeletons (D)
  A worm (shapeshifter) (D)
  2 orcs (D)
  4 ball pythons (D)
  A bat skeleton (D)
  2 bat zombies (D)
  A jackal (shapeshifter) (D)
  A ball python zombie (D)
  A giant cockroach zombie (D)
  2 giant gecko zombies (D)
  A jackal skeleton (D)
  A jackal zombie (D)
  A quokka skeleton (D)
  2 quokka zombies (D)
  4 butterflies (D)
522 creatures vanquished.

Vanquished Creatures (collateral kills)
  An alligator snapping turtle (shapeshifter) (D)
  A vampire mage (D)
  A black mamba (shapeshifter) (D)
  2 merfolk (D)
5 creatures vanquished.

Vanquished Creatures (others)
  An unseen horror (shapeshifter) (D)
  A swamp worm (shapeshifter) (D)
  An electric eel (shapeshifter) (D)
  A river rat (shapeshifter) (D)
  A white imp (D)
5 creatures vanquished.

Grand Total: 532 creatures vanquished

Notes
Turn   | Place    | Note
--------------------------------------------------------------
     0 | D        | esc the Deep Dwarf Fighter began the quest for the Orb.
     0 | D        | Reached XP level 1. HP: 20/20 MP: 1/1
     0 | D        | Found a roughly hewn altar of Beogh.
     0 | D        | Found a corrupted altar of Lugonu.
     0 | D        | Found a viscous altar of Jiyva.
     0 | D        | Found a white marble altar of Elyvilon.
     0 | D        | Found a sparkling altar of Nemelex Xobeh.
     0 | D        | Found a burning altar of Makhleb.
     0 | D        | Found an iron altar of Okawaru.
     0 | D        | Found a deep blue altar of Sif Muna.
     0 | D        | Found a radiant altar of Vehumet.
     0 | D        | Found a bloodstained altar of Trog.
     0 | D        | Found a shimmering altar of Xom.
    71 | D        | Reached skill level 4 in Fighting
    71 | D        | Reached skill level 4 in Axes
    71 | D        | Reached skill level 4 in Armour
    71 | D        | Reached skill level 3 in Dodging
    71 | D        | Reached skill level 4 in Shields
    71 | D        | Reached XP level 2. HP: 27/30 MP: 2/2
    76 | D        | Became a worshipper of Qazlal Stormbringer
   186 | D        | Entered arena 1.
   186 | D        | Noticed a merfolk
   186 | D        | Noticed a merfolk
   194 | D        | Killed a merfolk
   194 | D        | Reached skill level 5 in Fighting
   194 | D        | Reached skill level 6 in Axes
   194 | D        | Reached skill level 6 in Armour
   194 | D        | Reached skill level 5 in Dodging
   194 | D        | Reached skill level 7 in Shields
   194 | D        | Reached XP level 3. HP: 32/40 MP: 3/3
   194 | D        | Reached XP level 4. HP: 38/48 MP: 4/4
   194 | D        | Reached XP level 5. HP: 43/55 MP: 5/5
   195 | D        | Killed a merfolk
   195 | D        | Reached skill level 6 in Fighting
   195 | D        | Reached skill level 7 in Axes
   195 | D        | Reached skill level 8 in Armour
   195 | D        | Reached skill level 7 in Dodging
   195 | D        | Reached skill level 8 in Shields
   195 | D        | Reached XP level 6. HP: 48/63 MP: 6/6
   205 | D        | Entered arena 2.
   209 | D        | Reached * piety under Qazlal
   218 | D        | Entered arena 3.
   221 | D        | Reached ** piety under Qazlal
   221 | D        | Reached skill level 3 in Invocations
   221 | D        | Reached skill level 4 in Invocations
   221 | D        | Reached XP level 7. HP: 53/70 MP: 0/10
   222 | D        | Reached skill level 5 in Invocations
   225 | D        | Reached skill level 7 in Invocations
   230 | D        | Identified the Disquisition on Combat Magic and Black Rites (You found it in the Dungeon)
  1117 | D        | Entered arena 4.
  1117 | D        | Noticed a large abomination
  1119 | D        | Reached skill level 8 in Invocations
  1120 | D        | Reached *** piety under Qazlal
  1123 | D        | Reached skill level 9 in Invocations
  1123 | D        | Killed a large abomination
  1123 | D        | Reached skill level 12 in Invocations
  1133 | D        | Got the amulet "Jiaffa" {+Fly MR+ Regen+}
  1136 | D        | Entered arena 5.
  1136 | D        | Noticed a golden eye
  1136 | D        | Paralysed by a giant eyeball for 3 turns
  1139 | D        | Killed a golden eye
  1139 | D        | Reached **** piety under Qazlal
  1139 | D        | Reached XP level 8. HP: 59/78 MP: 9/17
  1139 | D        | Reached skill level 13 in Invocations
  1153 | D        | Identified Sif Muna's Tome of Destructive Toxins (You found it in the Dungeon)
  1281 | D        | Entered arena 6.
  1281 | D        | Noticed an unseen horror
  1281 | D        | Noticed an apocalypse crab
  1282 | D        | Reached ***** piety under Qazlal
  1282 | D        | Reached skill level 14 in Invocations
  1286 | D        | Killed an unseen horror
  1286 | D        | Reached skill level 16 in Invocations
  1287 | D        | Killed an apocalypse crab
  1287 | D        | Reached skill level 17 in Invocations
  1287 | D        | Gained mutation: You passively map the area around you. [Deep Dwarf growth]
  1287 | D        | Reached XP level 9. HP: 85/85 MP: 10/21
  1287 | D        | Paralysed by you for 2 turns
  1300 | D        | Got the +6 scale mail of Shielding {Str-2 Dex+7}
  1303 | D        | Identified the Disquisition on the Rocks (You found it in the Dungeon)
  1307 | D        | Identified the Disquisition on the Rocks (You found it in the Dungeon)
  1349 | D        | Entered arena 7.
  1353 | D        | Reached skill level 18 in Invocations
  1377 | D        | Entered arena 8.
  1377 | D        | Noticed a spiny frog
  1377 | D        | Noticed a shining eye
  1377 | D        | Noticed a white ugly thing
  1377 | D        | Noticed a white ugly thing
  1378 | D        | Reached ****** piety under Qazlal
  1378 | D        | Reached skill level 19 in Invocations
  1378 | D        | Noticed a yaktaur
  1378 | D        | a spiny frog changed into a yaktaur
  1379 | D        | Killed a shining eye
  1379 | D        | Reached skill level 20 in Invocations
  1379 | D        | Killed a yaktaur
  1379 | D        | Killed a white ugly thing
  1379 | D        | Reached skill level 21 in Invocations
  1379 | D        | Reached XP level 10. HP: 87/92 MP: 14/24
  1383 | D        | Killed a white ugly thing
  1390 | D        | Got the +0 ring mail of the Carpenter {+Fly rElec Str-5 Dex+4}
  1393 | D        | Got the +5 ring mail of Lifelessness {rC- rN+ Dex+9}
  2555 | D        | Entered arena 9.
  2555 | D        | Noticed a purple draconian
  2555 | D        | Noticed a draconian
  2555 | D        | Noticed a draconian
  2555 | D        | Noticed a purple draconian
  2555 | D        | Noticed a draconian
  2555 | D        | Noticed a draconian
  2555 | D        | Noticed a draconian
  2555 | D        | Noticed a yellow draconian
  2557 | D        | Killed a draconian
  2557 | D        | Reached skill level 22 in Invocations
  2557 | D        | Killed a draconian
  2558 | D        | Killed a draconian
  2558 | D        | Reached skill level 23 in Invocations
  2558 | D        | Killed a draconian
  2558 | D        | Killed a draconian
  2558 | D        | Killed a purple draconian
  2558 | D        | Reached skill level 24 in Invocations
  2559 | D        | Killed a yellow draconian
  2559 | D        | Reached skill level 25 in Invocations
  2559 | D        | Reached XP level 11. HP: 92/99 MP: 12/27
  2567 | D        | Killed a purple draconian
  2583 | D        | Got the +1 leather armour of Gisibuf {rN+ Str+5}
  2606 | D        | Learned a level 5 spell: Phase Shift
  4013 | D        | Entered arena 10.
  4014 | D        | Reached skill level 26 in Invocations
  4059 | D        | Entered arena 11.
  4059 | D        | Noticed a necromancer
  4059 | D        | Noticed a vampire mage
  4060 | D        | Noticed an ancient lich
  4060 | D        | Noticed a skeletal warrior
  4061 | D        | Killed a skeletal warrior
  4061 | D        | Killed a necromancer
  4064 | D        | Noticed a necromancer
  4066 | D        | HP: 17/99 [ancient lich/bolt of fire (75)]
  4066 | D        | Killed a vampire mage
  4066 | D        | Reached skill level 27 in Invocations
  4067 | D        | Killed a necromancer
  4067 | D        | Reached skill level 7 in Fighting
  4067 | D        | Killed an ancient lich
  4067 | D        | Reached skill level 9 in Fighting
  4067 | D        | Reached skill level 10 in Axes
  4067 | D        | Reached skill level 10 in Armour
  4067 | D        | Reached skill level 10 in Dodging
  4067 | D        | Reached skill level 10 in Shields
  4067 | D        | Reached XP level 12. HP: 18/114 MP: 21/29
  4090 | D        | Got the ring "Fudathraf" {SustAt +Blink +Inv MP+9 Int+3}
  4336 | D        | Entered arena 12.
  4337 | D        | Noticed a death ooze
  4337 | D        | Killed a death ooze
  4338 | D        | Reached skill level 11 in Armour
  4338 | D        | Reached skill level 11 in Shields
  4349 | D        | Identified the Almanac of Curses (You found it in the Dungeon)
  4515 | D        | Entered arena 13.
  4516 | D        | Noticed a spriggan air mage
  4516 | D        | Noticed an anaconda
  4517 | D        | Killed a spriggan air mage
  4517 | D        | Reached skill level 11 in Axes
  4517 | D        | Reached skill level 11 in Dodging
  4518 | D        | Reached skill level 10 in Fighting
  4521 | D        | Killed an anaconda
  4521 | D        | Reached skill level 12 in Armour
  4521 | D        | Reached skill level 12 in Shields
  4522 | D        | Noticed an anaconda
  4530 | D        | Killed an anaconda
  4530 | D        | Reached skill level 12 in Axes
  4566 | D        | Learned a level 5 spell: Summon Forest
  4569 | D        | Entered arena 14.
  4570 | D        | Noticed an azure jelly
  4570 | D        | Noticed an acid blob
  4570 | D        | Noticed a great orb of eyes
  4570 | D        | Noticed a death ooze
  4571 | D        | Noticed a death ooze
  4572 | D        | Killed a death ooze
  4572 | D        | Reached skill level 12 in Dodging
  4573 | D        | Killed an acid blob
  4573 | D        | Reached skill level 11 in Fighting
  4573 | D        | Reached XP level 13. HP: 106/127 MP: 21/30
  4573 | D        | Killed an azure jelly
  4573 | D        | Reached skill level 13 in Armour
  4573 | D        | Reached skill level 13 in Shields
  4575 | D        | Reached skill level 13 in Axes
  4576 | D        | Reached skill level 13 in Dodging
  4590 | D        | Identified the Tome of Dislocated Bewitchment (You found it in the Dungeon)
  5794 | D        | Entered arena 15.
  5795 | D        | Noticed a vampire knight
  5795 | D        | Noticed a vampire knight
  5795 | D        | Noticed a ghoul
  5797 | D        | Reached skill level 1 in Throwing
  5797 | D        | Reached skill level 1 in Translocations
  5797 | D        | Reached skill level 1 in Evocations
  5797 | D        | Reached skill level 1 in Summonings
  5798 | D        | Reached skill level 2 in Throwing
  5798 | D        | Reached skill level 1 in Spellcasting
  5798 | D        | Reached skill level 2 in Summonings
  5798 | D        | Reached skill level 2 in Evocations
  5799 | D        | Killed a vampire knight
  5799 | D        | Reached skill level 2 in Translocations
  5801 | D        | Reached skill level 3 in Throwing
  5801 | D        | Reached skill level 3 in Summonings
  5801 | D        | Reached skill level 3 in Evocations
  5802 | D        | Killed a vampire knight
  5802 | D        | Reached skill level 2 in Spellcasting
  5802 | D        | Reached skill level 3 in Translocations
  5808 | D        | Killed a ghoul
  5808 | D        | Reached skill level 4 in Throwing
  5808 | D        | Reached skill level 4 in Summonings
  5808 | D        | Reached skill level 4 in Evocations
  7255 | D        | Entered arena 16.
  7257 | D        | Noticed an apis
  7258 | D        | Reached skill level 4 in Translocations
  7258 | D        | Reached skill level 12 in Fighting
  7258 | D        | Reached skill level 3 in Spellcasting
  7258 | D        | Reached skill level 5 in Summonings
  7259 | D        | Noticed a thorn hunter
  7259 | D        | Reached skill level 5 in Evocations
  7259 | D        | Reached skill level 5 in Throwing
  7259 | D        | Reached skill level 14 in Armour
  7259 | D        | Reached skill level 14 in Shields
  7260 | D        | Killed a thorn hunter
  7260 | D        | Reached skill level 6 in Throwing
  7260 | D        | Reached skill level 6 in Evocations
  7260 | D        | Reached skill level 4 in Spellcasting
  7262 | D        | Killed an apis
  7262 | D        | Reached skill level 14 in Axes
  7262 | D        | Reached skill level 14 in Dodging
  7265 | D        | Reached skill level 7 in Throwing
  7265 | D        | Reached skill level 7 in Evocations
  7271 | D        | Gained mutation: You resist negative energy. [Deep Dwarf growth]
  7271 | D        | Reached XP level 14. HP: 103/139 MP: 12/31
  8715 | D        | Entered arena 17.
  8721 | D        | Reached skill level 8 in Evocations
  8721 | D        | Reached skill level 5 in Spellcasting
  8721 | D        | Reached skill level 8 in Throwing
  8721 | D        | Reached skill level 9 in Evocations
  8721 | D        | Reached skill level 9 in Throwing
  8721 | D        | Reached skill level 15 in Armour
  8721 | D        | Reached skill level 13 in Fighting
  8721 | D        | Reached skill level 15 in Shields
  8721 | D        | Reached skill level 6 in Spellcasting
  8775 | D        | Entered arena 18.
  8779 | D        | Reached skill level 15 in Axes
  8779 | D        | Reached skill level 10 in Evocations
  8779 | D        | Reached skill level 15 in Dodging
  8779 | D        | Reached skill level 10 in Throwing
  8837 | D        | Entered arena 19.
  8851 | D        | Reached skill level 7 in Spellcasting
  8851 | D        | Reached skill level 11 in Evocations
  8851 | D        | Reached skill level 11 in Throwing
 12028 | D        | Entered arena 20.
 12036 | D        | Noticed a ghoul
 12039 | D        | Gained mutation: You are partially covered in large bone plates (AC +2, SH +2). [helix card]
 12040 | D        | Reached skill level 16 in Armour
 12042 | D        | Killed a ghoul
 12042 | D        | Reached skill level 16 in Shields
 12042 | D        | Reached skill level 12 in Evocations
 12043 | D        | Noticed an ancient lich
 12043 | D        | Reached skill level 12 in Throwing
 12044 | D        | Reached skill level 8 in Spellcasting
 12044 | D        | Reached skill level 14 in Fighting
 12044 | D        | Reached skill level 16 in Axes
 12044 | D        | Reached XP level 15. HP: 137/151 MP: 16/32
 12045 | D        | Reached skill level 16 in Dodging
 12046 | D        | Noticed a lich
 12052 | D        | Killed an ancient lich
 12052 | D        | Reached skill level 13 in Evocations
 12055 | D        | Killed a lich
 12055 | D        | Reached skill level 9 in Spellcasting
 12148 | D        | Entered arena 21.
 12151 | D        | Noticed a shard shrike
 12151 | D        | Drew Focus: Str increased to 22, Int decreased to 8
 12152 | D        | Noticed a titan
 12152 | D        | a shard shrike changed into a titan
 12153 | D        | Noticed a shard shrike
 12153 | D        | a titan changed into a shard shrike
 12154 | D        | Noticed a juggernaut
 12154 | D        | a shard shrike changed into a juggernaut
 12156 | D        | Noticed a titan
 12156 | D        | Reached skill level 17 in Armour
 12156 | D        | Reached skill level 13 in Throwing
 12156 | D        | Reached skill level 17 in Shields
 12156 | D        | Reached skill level 14 in Evocations
 12156 | D        | Reached skill level 17 in Axes
 12156 | D        | Killed a titan
 12156 | D        | Reached skill level 17 in Dodging
 12156 | D        | Reached skill level 15 in Fighting
 12158 | D        | Killed a juggernaut
 12158 | D        | Reached skill level 10 in Spellcasting
 12158 | D        | Noticed an azure jelly
 12158 | D        | an emperor scorpion changed into an azure jelly
 12159 | D        | Noticed a quicksilver dragon
 12159 | D        | Noticed a quicksilver dragon
 12159 | D        | an azure jelly changed into a quicksilver dragon
 12160 | D        | a quicksilver dragon changed into an iron troll
 12162 | D        | Reached skill level 15 in Evocations
 12164 | D        | Noticed a shadow dragon
 12164 | D        | a frost giant changed into a shadow dragon
 12165 | D        | Killed a quicksilver dragon
 12169 | D        | Noticed a caustic shrike
 12169 | D        | a shadow dragon changed into a caustic shrike
 12174 | D        | a caustic shrike changed into a frost giant
 12201 | D        | Identified a +2 pair of boots of running (You found it in the Dungeon)
 12221 | D        | Lost mutation: You are partially covered in large bone plates (AC +2, SH +2). [helix card]
 12234 | D        | Gained mutation: You are partially covered in rough black scales (AC +4, Dex -1). [helix card]
 12251 | D        | Entered arena 22.
 12262 | D        | Reached skill level 18 in Armour
 12262 | D        | Reached skill level 14 in Throwing
 12262 | D        | Reached skill level 18 in Shields
 12262 | D        | Reached XP level 16. HP: 141/163 MP: 33/33
 12262 | D        | Reached skill level 18 in Axes
 12291 | D        | Got the cursed +0 pair of gloves of Elyvilon's Benevolence {rPois rC+ Dex+3 SInv}
 12330 | D        | Entered arena 23.
 12338 | D        | Noticed an ancient lich
 12338 | D        | Noticed a titan
 12340 | D        | Reached skill level 18 in Dodging
 12340 | D        | Reached skill level 11 in Spellcasting
 12340 | D        | Reached skill level 16 in Evocations
 12341 | D        | Noticed a lich
 12341 | D        | Reached skill level 16 in Fighting
 12341 | D        | Killed an ancient lich
 12341 | D        | Reached skill level 19 in Armour
 12341 | D        | Reached skill level 17 in Evocations
 12341 | D        | Killed a lich
 12341 | D        | Reached skill level 19 in Dodging
 12341 | D        | Reached skill level 12 in Spellcasting
 12341 | D        | Reached skill level 18 in Evocations
 12341 | D        | Killed a lich
 12341 | D        | Reached skill level 17 in Fighting
 12341 | D        | Killed an ancient lich
 12341 | D        | Reached skill level 20 in Armour
 12341 | D        | Reached skill level 13 in Spellcasting
 12341 | D        | Reached skill level 19 in Evocations
 12341 | D        | Reached skill level 20 in Dodging
 12342 | D        | Killed a titan
 12344 | D        | Reached skill level 20 in Evocations
 12344 | D        | Reached skill level 18 in Fighting
 12346 | D        | Noticed an ancient lich
 12347 | D        | Noticed a lich
 12348 | D        | Ladykiller69: aaaaah
 12349 | D        | Ladykiller69: firestorming liches
 12349 | D        | Killed a lich
 12349 | D        | Reached skill level 21 in Armour
 12349 | D        | Reached skill level 14 in Spellcasting
 12349 | D        | Killed a lich
 12349 | D        | Reached skill level 21 in Dodging
 12349 | D        | Reached XP level 17. HP: 148/181 MP: 8/35
 12349 | D        | Killed an ancient lich
 12349 | D        | Reached skill level 21 in Evocations
 12349 | D        | Reached skill level 15 in Spellcasting
 12352 | D        | Reached skill level 19 in Fighting
 12539 | D        | Entered arena 24.
 12550 | D        | Reached skill level 22 in Armour
 12550 | D        | Reached skill level 22 in Evocations
 12550 | D        | Reached skill level 22 in Dodging
 12550 | D        | Reached skill level 16 in Spellcasting
 12550 | D        | Reached skill level 23 in Evocations
 12550 | D        | Reached skill level 23 in Armour
 12550 | D        | Reached skill level 20 in Fighting
 12551 | D        | Reached skill level 23 in Dodging
 12553 | D        | Ladykiller69: what the fuck just happened
 12555 | D        | esc: qazlal
 12555 | D        | Ladykiller69: ah i see
 12558 | D        | Reached skill level 24 in Evocations
 12558 | D        | Reached skill level 17 in Spellcasting
 12558 | D        | Reached skill level 24 in Armour
 12558 | D        | Gained mutation: You passively map a large area around you. [Deep Dwarf growth]
 12558 | D        | Reached XP level 18. HP: 140/196 MP: 19/39
 12558 | D        | Reached skill level 21 in Fighting
 12560 | D        | Reached skill level 24 in Dodging
 12630 | D        | Got the amulet of Batwu {Inacc rF+ MP+9}
 12713 | D        | Entered arena 25.
 12716 | D        | Reached skill level 25 in Evocations
 12727 | D        | Noticed a caustic shrike
 12727 | D        | a titan changed into a caustic shrike
 12729 | D        | Noticed a caustic shrike
 12729 | D        | Killed a caustic shrike
 12729 | D        | Reached skill level 18 in Spellcasting
 12729 | D        | Killed a caustic shrike
 12734 | D        | Noticed a golden dragon
 12734 | D        | Noticed a caustic shrike
 12734 | D        | a golden dragon changed into a caustic shrike
 12736 | D        | a caustic shrike changed into a shadow dragon
 12741 | D        | Noticed a golden dragon
 12741 | D        | a titan changed into a golden dragon
 12742 | D        | MordorOrchid: caustic shrikes are such a waste of time
 12742 | D        | Reached skill level 25 in Armour
 12742 | D        | Reached skill level 26 in Evocations
 12743 | D        | Killed a golden dragon
 12743 | D        | Reached skill level 22 in Fighting
 12743 | D        | Reached skill level 25 in Dodging
 12744 | D        | Noticed a juggernaut
 12754 | D        | MordorOrchid: the whole idea of a monster that takes away your ability to fight is pointless
 12773 | D        | Noticed a golden dragon
 12773 | D        | Noticed a caustic shrike
 12773 | D        | an acid blob changed into a caustic shrike
 12774 | D        | a caustic shrike changed into an alligator snapping turtle
 12787 | D        | Noticed a caustic shrike
 12787 | D        | an iron dragon changed into a caustic shrike
 12789 | D        | a caustic shrike changed into an iron dragon
 12791 | D        | Killed a golden dragon
 12792 | D        | Noticed a golden dragon
 12792 | D        | an iron dragon changed into a golden dragon
 12793 | D        | a golden dragon changed into an iron dragon
 12958 | D        | Entered arena 26.
 12963 | D        | thank you
 12974 | D        | Reached skill level 19 in Spellcasting
 12974 | D        | Reached skill level 27 in Evocations
 12974 | D        | Reached skill level 26 in Armour
 12974 | D        | Reached skill level 26 in Dodging
 12979 | D        | Reached skill level 23 in Fighting
 12990 | D        | Reached skill level 20 in Spellcasting
 13064 | D        | Got the amulet of Xafror {rF+ rN++ Regen+ Str-2 SInv}
 13166 | D        | Entered arena 27.
 13176 | D        | Noticed an electric golem
 13176 | D        | Noticed an electric golem
 13177 | D        | Noticed an electric golem
 13177 | D        | Noticed an electric golem
 13177 | D        | Noticed an electric golem
 13178 | D        | Noticed an electric golem
 13178 | D        | Reached XP level 19. HP: 188/213 MP: 38/43
 13178 | D        | Reached skill level 27 in Armour
 13178 | D        | Reached skill level 27 in Dodging
 13178 | D        | Reached skill level 19 in Axes
 13178 | D        | Reached skill level 19 in Shields
 13178 | D        | Reached skill level 24 in Fighting
 13178 | D        | Reached skill level 21 in Spellcasting
 13178 | D        | Reached skill level 20 in Axes
 13178 | D        | Reached skill level 20 in Shields
 13183 | D        | Reached skill level 21 in Shields
 13183 | D        | Reached skill level 21 in Axes
 13183 | D        | Reached skill level 25 in Fighting
 13183 | D        | Reached skill level 22 in Spellcasting
 13192 | D        | Reached skill level 22 in Shields
 13197 | D        | Reached skill level 22 in Axes
 13206 | D        | Got the Orb of Zot
 13211 | D        | Escaped with the Orb!

Vault maps used:
D:        sprint_v

Action                   |  1- 3 |  4- 6 |  7- 9 | 10-12 | 13-15 | 16-18 | 19-21 || total
-------------------------+-------+-------+-------+-------+-------+-------+-------++-------
Melee: Broad axe         |     6 |     4 |    27 |    26 |    78 |    83 |     9 ||   233
Invok: Upheaval          |       |       |     4 |    13 |    26 |    29 |     3 ||    75
       Disaster Area     |       |       |       |     1 |     4 |     8 |     2 ||    15
Evoke: Wand              |       |       |       |     4 |    10 |     7 |       ||    21
       Deck              |       |       |       |       |    18 |     6 |       ||    24
  Use: Potion            |     1 |       |       |       |       |    10 |       ||    11
       Scroll            |       |       |       |     1 |     1 |     2 |       ||     4
 Stab: Invisible         |       |       |       |       |       |     3 |     1 ||     4
       Distracted        |       |       |       |       |       |     2 |       ||     2
  Eat: Bread ration      |       |       |     1 |     2 |     2 |       |       ||     5
       Chunk             |       |       |       |     1 |       |       |       ||     1
       Royal jelly       |       |       |       |       |     3 |     3 |       ||     6
       Meat ration       |       |       |       |       |     2 |     1 |       ||     3

Vault maps used:
D:        sprint_v

Table legend:
 A = Turns spent in this place as a percentage of turns spent in the entire game.
 B = Non-inter-level travel turns spent in this place as a percentage of non-inter-level travel turns spent in the entire game.
 C = Inter-level travel turns spent in this place as a percentage of turns spent in this place.
 D = Turns resting spent in this place as a percentage of non-inter-level travel turns spent in this place.
 E = Turns spent auto-exploring this place as a percentage of non-inter-level travel turns spent in this place.
 F = Non-inter-level travel turns spent in this place divided by the number of levels of this place that you've seen.
                   A       B       C       D       E      F
               +-------+-------+-------+-------+-------+----------------------
         Total | 100.0 | 100.0 |   0.1 |   1.2 |   0.0 | 2035.0
       Dungeon | 100.0 | 100.0 |   0.1 |   1.2 |   0.0 | 2035.0
               +-------+-------+-------+-------+-------+----------------------

Table legend:
 A = Kills in this place as a percentage of kills in entire the game.
 B = Kills by you in this place as a percentage of kills by you in the entire game.
 C = Kills by friends in this place as a percentage of kills by friends in the entire game.
 D = Other kills in this place as a percentage of other kills in the entire game.
 E = Experience gained in this place as a percentage of experience gained in the entire game.
 F = Experience gained in this place divided by the number of levels of this place that you have seen.
                   A       B       C       D       E      F
               +-------+-------+-------+-------+-------+----------------------
         Total | 100.0 | 100.0 | 100.0 | 100.0 | 100.0 | 445992.0
       Dungeon | 100.0 | 100.0 | 100.0 | 100.0 | 100.0 | 445992.0
               +-------+-------+-------+-------+-------+----------------------
